AoeStats
← wolololigma

MegaRandom

510466442Analyzed
2v2 RM · 21h ago on Oct 1, 2026· 29m 24s· 4 players
Game mode
Random Map
Map size
Medium (4 player)
Population
200
Speed
Normal
Resources
Standard
Victory
Conquest
Starting age
Dark Age
Ending age
Imperial Age
RankedLock teamsTeams togetherTeam positionsShared explorationLock speedFull tech treeHidden civsTurbo modeCheats
Victory
Defeat
🇺🇸 Wei · United States
1097
+12
🇺🇸 Ethiopians · United States
1019
+14
🇨🇴 Magyars · Colombia
994
-13
🇨🇴 Tupi · Colombia
992
-13
wolololigma
0:54 Loom
12:39 Feudal Age
13:59 Wheelbarrow
13:18 Double-Bit Axe
19:36 Castle Age
18:48 Forging
18:39 Scale Mail Armor
18:28 Horse Collar
18:45 Gold Mining
20:25 Heavy Plow
21:19 Arson
22:58 Elite Skirmisher
29:50 Imperial Age
27:38 Hand Cart
29:35 Bow Saw
30:16 Ballistics
29:52 Murder Holes
StealthRage33
1:15 Loom
9:26 Feudal Age
13:25 Wheelbarrow
15:42 Castle Age
14:03 Double-Bit Axe
14:07 Horse Collar
15:11 Bloodlines
16:16 Scale Barding Armor
17:16 Forging
22:06 Chain Barding Armor
29:33 Husbandry
KilL3R
10:08 Feudal Age
9:53 Loom
16:23 Castle Age
16:30 Wheelbarrow
18:19 Fletching
18:30 Padded Archer Armor
18:40 Scale Barding Armor
19:03 Town Watch
22:15 Ballistics
24:05 Corvinian Army
25:32 Double-Bit Axe
28:45 Bodkin Arrow
Shakita
9:03 Feudal Age
7:47 Loom
15:04 Castle Age
13:41 Double-Bit Axe
14:24 Gold Mining
15:00 Horse Collar
15:59 Fletching
20:29 Ballistics
20:07 Bodkin Arrow
20:13 Padded Archer Armor
Connection lost

Rejoining the realm…

Still unreachable

The connection could not be restored.

Session expired

The server has moved on; the page needs a fresh start.